 Dungeon Crawl Stone Soup version 0.25-a0-1056-g2efb326896 (webtiles) character file.

Game seed: 39762144548776392, levelgen mode: classic

176 Amnesiac the Skirmisher (level 5, -3/55 HPs)
             Began as an Ogre Fighter on May 13, 2020.
             Slain by an ogre
             ... wielding a +0 giant club
              (29 damage)
             ... on level 2 of the Dungeon.
             The game lasted 00:09:02 (3962 turns).

Amnesiac the Skirmisher (Ogre Fighter)              Turns: 3962, Time: 00:09:03

Health: -3/55      AC:  3    Str: 24    XL:     5   Next: 56%
Magic:  5/5        EV:  8    Int:  9    God:
Gold:   205        SH:  8    Dex:  8    Spells: 4/4 levels left

rFire    . . .     SeeInvis .   a - +2 dagger (protect)
rCold    . . .     Gourm    .   c - +0 kite shield
rNeg     . . .     Faith    .   t - +0 robe
rPois    .         Spirit   .   (helmet restricted)
rElec    .         Reflect  .   (no cloak)
rCorr    .         Harm     .   (gloves unavailable)
MR       .....                  (boots unavailable)
Stlth    +.........             (no amulet)
HPRegen  0.18/turn              p - ring of wizardry
MPRegen  0.09/turn              r - +3 ring of strength

@: no status effects
A: large, unfitting armour, tough skin 1
a: no special abilities


You were on level 2 of the Dungeon.
You were hungry.

You visited 1 branch of the dungeon, and saw 4 of its levels.

You collected 205 gold pieces.

Inventory:

Hand Weapons
 a - a +2 dagger of protection (weapon)
 b - a +4 dagger
 v - a +0 rapier
Missiles
 j - 93 stones (quivered)
Armour
 c - a +0 kite shield (worn)
 t - a +0 robe (worn)
Jewellery
 p - a ring of wizardry (left hand)
 r - a +3 ring of strength (right hand)
Wands
 u - a wand of polymorph (3)
Scrolls
 g - 3 scrolls of teleportation {!r, unknown}
 h - a scroll of magic mapping {!r, unknown}
 i - a scroll of enchant armour {!r, unknown}
 k - a scroll of blinking {!r, unknown}
 m - 2 scrolls of identify {!r, unknown}
 n - 2 scrolls of remove curse {!r}
 o - 2 scrolls of fog {!r, unknown}
 q - a scroll of immolation {!r, unknown}
 x - a scroll of enchant weapon {!r, unknown}
Potions
 d - 3 potions of might {!q}
 e - 7 potions of curing {!q, unknown}
 l - a potion of brilliance {!q, unknown}
 w - 2 potions of degeneration {!q, unknown}
 z - a potion of mutation {!q, unknown}
 A - a potion of heal wounds {!q, unknown}
 B - a potion of invisibility {!q, unknown}
Comestibles
 f - 10 rations


   Skills:
 + Level 4.6 Fighting
 * Level 4.5 Short Blades
 - Level 2.6 Dodging
 + Level 3.1 Shields


You had 4 spell levels left.
You didn't know any spells.
Your spell library was empty.

Dungeon Overview and Level Annotations

Branches:
Dungeon (4/15)
 Temple: D:4-7

Altars:
Ru

Annotations:
D:2 Flugslaktarn's ghost, amateur BaFi


Innate Abilities, Weirdness & Mutations

You are too large for most types of armour.
You have tough skin. (AC +1)


Message History

You see here a +0 short sword.
There is a stone staircase leading up, spattered with blood here.
You climb upwards.
Level annotation: Flugslaktarn's ghost, amateur BaFi
There is a stone staircase leading down here.
You see here a dagger.
The ogre shouts!
The ogre is too close now for your liking.
You see here a dagger.
There is a stone staircase leading up here.
You climb upwards.
There is a stone staircase leading down here.
You start resting.
HP restored.
You climb downwards.
Level annotation: Flugslaktarn's ghost, amateur BaFi The ogre barely misses you.
There is a stone staircase leading up here.
You hit the ogre.
Your weapon exudes an aura of protection.
The ogre is lightly wounded.
The ogre barely misses you.
You hit the ogre.
The ogre is moderately wounded.
You hit the ogre but do no damage.
The ogre is moderately wounded.
The ogre hits you with a +0 giant club!
You barely miss the ogre.
The ogre is moderately wounded.
You hit the ogre.
The ogre is heavily wounded.
The ogre hits you with a +0 giant club!!
Ouch! That really hurt!
* * * LOW HITPOINT WARNING * * *
You hit the ogre.
The ogre is heavily wounded.
The ogre barely misses you.
You hit the ogre but do no damage.
The ogre is heavily wounded.
Unknown command.
Unknown command.
Your shield prevents you from hitting the ogre.
The ogre is heavily wounded.
The ogre hits you with a +0 giant club!
* * * LOW HITPOINT WARNING * * *
Unknown command.
Unknown command.
There is an open door here.
There is an open door here.
You are feeling hungry.
There is a stone staircase leading down here.
There is a stone staircase leading up, spattered with blood here.
There is an open door here.
There is an open door here.
You see here a +0 club.
You see here a +0 club.
You see here a +0 club.
You see here a +0 club.
You see here a +0 club.
You see here a +0 club.
Your shield prevents you from hitting the ogre.
The ogre hits you with a +0 giant club!!
Ouch! That really hurt!
You die...

######## .......##
####### ##...W..#
#...... ...###..#
#.#####
#..###..##########
#.# ###
#...)......W.....#
#.# #..
....##..########O#
####.# #.#
#....#..# #@#
##.##.###.#
#.......# ##.#
#.........#
........# #..#
##.##......
..#.##### #.##
#.######## ###.#
#.# #####.#####
#.# #.#
#.........# ##'##
#.# #.###.###.#
##...## #.# #.#
#.# #.# #.....##
###># #.# #.###.#


You could see an ogre.

Vanquished Creatures
  Jessica (D:3)
  Robin (D:2)
  5 adders
  2 river rats (D:3)
  An ooze (D:1)
  A dart slug (D:2)
  An orc (D:3)
  11 bats
  A giant cockroach (D:3)
  7 hobgoblins
  4 quokkas
  A ball python (D:1)
  4 frilled lizards
  15 goblins
  6 kobolds
  8 rats
69 creatures vanquished.

Notes
Turn   | Place    | Note
-------+----------+-------------------------------------------
     0 | D:1      | Amnesiac the Ogre Fighter began the quest for the Orb.
     0 | D:1      | Reached XP level 1. HP: 24/24 MP: 1/1
    85 | D:1      | Reached XP level 2. HP: 17/32 MP: 2/2
   858 | D:2      | Reached XP level 3. HP: 34/39 MP: 3/3
  1155 | D:2      | Found a sacrificial altar of Ru.
  1513 | D:2      | Noticed Robin
  1540 | D:2      | Reached XP level 4. HP: 26/48 MP: 4/4
  1569 | D:2      | Noticed an ogre
  1842 | D:2      | Killed Robin
  2047 | D:3      | Found a runed translucent door.
  2060 | D:3      | Noticed Flugslaktarn's ghost (amateur BaFi)
  2206 | D:3      | Noticed Jessica
  2226 | D:3      | Killed Jessica
  2226 | D:3      | Reached XP level 5. HP: 25/55 MP: 5/5
  2487 | D:3      | Found a runed translucent door.
  3829 | D:2      | HP: 2/55 [ogre/+0 giant club (14)]
  3962 | D:2      | Slain by an ogre

Illustrated notes

Levels and vault maps discovered:
D:1:      lemuel_arrival_hallway, layout_basic, minivault_27
D:2:      layout_loops_corners, nicolae_ru_awakened_eye, uniq_robin
D:3:      layout_basic, ebering_ghost_sewer_f, uniq_jessica
D:4:      minmay_wonky_spiral, layout_loops_ring, temple_doors_e,
          minmay_cut_off, uniq_blork_the_orc

Skill      XL: |  1  2  3  4 |
---------------+-------------+-----
Short Blades   | 2 3 4 |  4.5
Shields        | 3 |  3.1
Fighting       | |  4.6
Dodging        | |  2.6

Action                   |  1- 3 |  4- 6 || total
-------------------------+-------+-------++-------
Melee: Rapier            |    96 |    20 ||   116
       Dagger            |       |   121 ||   121
       Unarmed           |       |    13 ||    13
Throw: Stone             |    50 |    82 ||   132
  Use: Scroll            |       |     1 ||     1
 Stab: Sleeping          |     1 |       ||     1
  Eat: Chunk             |     1 |     8 ||     9
Armor: Robe              |    24 |    20 ||    44
Dodge: Dodged            |    34 |    26 ||    60
Block: Kite shield       |    32 |    39 ||    71

Table legend:
 A = Non-vault XP
 B = Vault XP
 C = Vault XP percentage of total XP
 D = Non-vault monster count
 E = Vault monster count
 F = Vault count percentage of total count
                 A         B        C        D         E       F
            +---------+---------+-------+---------+---------+-------
      Total |     137 |     115 |  45.6 |      52 |      17 |  24.6
            +---------+---------+-------+---------+---------+-------
        D:1 |      16 |       0 |   0.0 |       7 |       0 |   0.0
        D:2 |      70 |      37 |  34.6 |      22 |      12 |  35.3
        D:3 |      50 |      65 |  56.5 |      22 |       4 |  15.4
        D:4 |       1 |      13 |  92.9 |       1 |       1 |  50.0
            +---------+---------+-------+---------+---------+-------
